 Dungeon Crawl Stone Soup version 0.27-a0-887-gcab673c142 (webtiles) character file.

Game seed: 16665983266770491125

39 sizableburger the Digger (level 3, -2/19 HPs)
             Began as a Kobold Earth Elementalist on Apr 5, 2021.
             Was a Follower of Sif Muna.
             Succumbed to a water moccasin's poison
             ... on level 2 of the Dungeon.
             The game lasted 00:03:08 (1155 turns).

sizableburger the Digger (KoEE)                     Turns: 1155, Time: 00:03:08

Health: -2/19      AC:  3    Str:  5    XL:     3   Next: 70%
Magic:  0/6        EV: 15    Int: 17    God:    Sif Muna [*.....]
Gold:   46         SH:  0    Dex: 15    Spells: 0/6 levels left

rFire    . . .     SeeInvis .   e - +0 short sword
rCold    . . .     Faith    .   (shield restricted)
rNeg     . . .     Spirit   .   c - +0 robe
rPois    .         Reflect  .   (no helmet)
rElec    .         Harm     .   (no cloak)
rCorr    .         Rampage  .   (no gloves)
Will     .....                  a - +0 pair of boots
Stlth    +++.......             (no amulet)
HPRegen  0.06/turn              (no ring)
MPRegen  0.10/turn              (no ring)

@: lethally poisoned (-2 -> -23), attractive
A: small, no large weapons, nightstalker 3
a: Renounce Religion, Channel Magic


You were on level 2 of the Dungeon.
You worshipped Sif Muna.
Sif Muna was aware of your devotion.
You visited 1 branch of the dungeon, and saw 2 of its levels.

You collected 46 gold pieces.

Inventory:

Hand Weapons
 e - a +0 short sword (weapon)
Missiles
 b - 90 stones
Armour
 a - a +0 pair of boots (worn)
 c - a +0 robe (worn)
Scrolls
 d - a scroll of amnesia {unknown}
 f - a scroll of magic mapping {unknown}
 g - a scroll of vulnerability {unknown}
 j - 2 scrolls of identify {unknown}


   Skills:
 + Level 1.2 Short Blades
 - Level 3.2 Dodging
 + Level 3.0 Stealth
 - Level 2.1 Spellcasting
 + Level 0.5 Conjurations
 - Level 1.0 Transmutations
 + Level 3.6 Earth Magic


You couldn't memorise any spells.
You knew the following spells:

 Your Spells              Type           Power      Damage    Failure   Level
a - Sandblast             Erth           28%        2d8       4%          1
b - Passwall              Tmut/Erth      7%         N/A       11%         2
c - Stone Arrow           Conj/Erth      16%        3d8       24%         3

Your spell library contained the following spells:

 Spells                   Type           Power      Damage    Failure   Level
 Petrify                  Tmut/Erth      9%         N/A       58%         4
 Lee's Rapid Deconstruct  Erth           7%         3d7*      77%         5


Dungeon Overview and Level Annotations

Branches:
Dungeon (2/15)

Altars:
Sif Muna


Innate Abilities, Weirdness & Mutations

You are small and have problems with some larger weapons.
You are completely attuned to the shadows.


Message History

Press: ? - help, Shift-Dir - straight line, f/p - water moccasin
Aim: a water moccasin (heavily wounded, 34% to evade)
The blast of sand misses the water moccasin.
The water moccasin bites you but does no damage.
Unknown command.
Casting: Sandblast (safe; 4% risk of failure)
Confirm with . or Enter, or press ? or * to list all spells.
Aiming: Sandblast (safe; 4% risk of failure)
Press: ? - help, Shift-Dir - straight line, f/p - water moccasin
Aim: a water moccasin (heavily wounded, 34% to evade)
The blast of sand hits the water moccasin.
The water moccasin is heavily wounded.
The water moccasin bites you.
You are poisoned.
The water moccasin poisons you!
Casting: Sandblast (safe; 4% risk of failure)
Confirm with . or Enter, or press ? or * to list all spells.
Aiming: Sandblast (safe; 4% risk of failure)
Press: ? - help, Shift-Dir - straight line, f/p - water moccasin
Aim: a water moccasin (heavily wounded, 34% to evade)
The blast of sand hits the water moccasin!
The water moccasin is severely wounded.
You feel very sick.
The water moccasin bites you but does no damage.
The water moccasin bites you.
You are more poisoned.
The water moccasin poisons you!
It was a potion of attraction.
You feel attractive to monsters.
* * * LOW HITPOINT WARNING * * *
You feel very sick. The water moccasin closely misses you.
Casting: Sandblast (safe; 4% risk of failure)
Confirm with . or Enter, or press ? or * to list all spells.
Aiming: Sandblast (safe; 4% risk of failure)
Press: ? - help, Shift-Dir - straight line, f/p - water moccasin
Aim: a water moccasin (severely wounded, 34% to evade)
The blast of sand hits the water moccasin.
The water moccasin is severely wounded.
You die...

##### #...#
#.#.# #.#.#
#####.#.#
.<.S@...####
#####......##
#.......#
##......#####
#..........#
#....†.....#
#####......#####
#.....##....
##..........


You could see a water moccasin.

Vanquished Creatures
  An adder (D:2)
  A worm (D:2)
  A dart slug (D:1)
  3 bats (D:1)
  2 endoplasms (D:1)
  2 giant cockroaches (D:1)
  4 hobgoblins (D:1)
  6 kobolds (D:1)
  A quokka (D:1)
  2 ball pythons (D:1)
  A rat (D:1)
24 creatures vanquished.

Notes
Turn   | Place    | Note
-------+----------+-------------------------------------------
     0 | D:1      | sizableburger the Kobold Earth Elementalist began the quest
                  | for the Orb.
     0 | D:1      | Reached XP level 1. HP: 10/10 MP: 3/3
   123 | D:1      | Reached XP level 2. HP: 15/15 MP: 1/5
   169 | D:1      | Learned a level 2 spell: Passwall
   712 | D:1      | Reached XP level 3. HP: 19/19 MP: 4/6
   738 | D:1      | Learned a level 3 spell: Stone Arrow
   824 | D:1      | Found a faded altar of an unknown god.
   834 | D:1      | Became a worshipper of Sif Muna the Loreminder
   834 | D:1      | Reached * piety under Sif Muna
  1011 | D:2      | Reached skill level 1 in Short Blades
  1043 | D:2      | Noticed a water moccasin
  1155 | D:2      | Succumbed to a water moccasin's poison

Illustrated notes

Levels and vault maps discovered:
D:1:      onia_arrival_mini_maze, layout_basic, ebering_ecumenical_altar_rust,
          minmay_worlds_worst_comb
D:2:      layout_basic, serial_shops, shop, chequers_serial_rivers_large_a,
          minmay_octomino_e4

Skill      XL: |  1  2  3 |
---------------+----------+-----
Dodging        | 3 |  3.2
Short Blades   | 1 |  1.2
Stealth        | 3 |  3.0
Spellcasting   | |  2.1
Conjurations   | |  0.5
Transmutations | |  1.0
Earth Magic    | |  3.6

Action                   || total
-------------------------++-------
Melee: Short sword       ||     5
 Cast: Sandblast         ||    38
  Use: Potion            ||     2
 Stab: Sleeping          ||     3
Armor: Robe              ||     5
Dodge: Dodged            ||    13

Table legend: (Time is in decaauts)
 A = Elapsed time spent in this place.
 B = Non-inter-level travel time spent in this place.
 C = Inter-level travel time spent in this place.
 D = Time resting spent in this place.
 E = Time spent auto-exploring this place.
 F = Levels seen in this place.
 G = Mean time per level.
                   A        B        C        D        E       F      G
               +--------+--------+--------+--------+--------+-----+--------+
         Total |   1158 |   1158 |      0 |    156 |    817 |   2 |  579.0 |
       Dungeon |   1158 |   1158 |      0 |    156 |    817 |   2 |  579.0 |
               +--------+--------+--------+--------+--------+-----+--------+

Top non-repeatable levels by time:
     D:1: 862 daAuts
     D:2: 295 daAuts
